 Dungeon Crawl Stone Soup version 0.31-a0-940-gdaa99269f9 (webtiles) character file.

Game seed: 6806794058167849879

1756 mortress the Changeling (level 8, -6/100 HPs)
             Began as a Yellow Draconian Shapeshifter on Oct 20, 2023.
             Was a Priest of Makhleb.
             Killed by divine providence
             ... invoked by an orc priest
              (13 damage)
             ... on level 7 of the Dungeon.
             The game lasted 00:13:03 (5017 turns).

mortress the Changeling (DrSh)                      Turns: 5017, Time: 00:13:04

Health: -6/100     AC: 28    Str: 24    XL:     8   Next: 78%
Magic:  12/12      EV:  2    Int: 10    God:    Makhleb [***...]
Gold:   343        SH:  0    Dex: 12    Spells: 12/13 levels left

rFire   . .          .
                       - Unarmed
rCold   . . .        (no shield)
rNeg    . . .        (body armour unavailable)
rPois   +            (helmet currently unavailable)
rElec   .            (cloak currently unavailable)
rCorr   .            (gloves currently unavailable)
SInv    .            (boots currently unavailable)
Will    .....        (no amulet)
Stlth   +            f - +6 ring of strength
HPRegen 0.36/turn    n - +4 ring of protection
MPRegen 0.13/turn

%: no passive effects
@: short of breath, tree-form
A: stationary, stasis, torment immunity, boosted hp, (spit acid), AC +6,
unfitting armour, (cold-blooded), (acid resistance)
a: Renounce Religion, Minor Destruction, Lesser Servant of Makhleb


You were on level 7 of the Dungeon.
You worshipped Makhleb.
Makhleb was most pleased with you.
You were a tree.
You visited 1 branch of the dungeon, and saw 7 of its levels.

You collected 379 gold pieces.
You spent 36 gold pieces at shops.

Inventory:

Missiles
 w - 21 poisoned darts
Armour
 i - a +2 hat
Jewellery
 f - a +6 ring of strength (left branch)
 m - a ring of fire
 n - a +4 ring of protection (right branch)
 s - a ring of protection from fire
 x - a +5 ring of evasion
Talismans
 b - a beast talisman
 c - a flux talisman
Wands
 r - a wand of light (23)
 u - a wand of roots (14)
Scrolls
 d - 5 scrolls of vulnerability
 e - 2 scrolls of noise {unknown}
 g - 3 scrolls of fog
 j - 8 scrolls of identify {unknown}
 l - 2 scrolls of revelation {unknown}
 p - a scroll of amnesia {unknown}
 q - a scroll of silence {unknown}
 v - 3 scrolls of teleportation {unknown}
 y - a scroll of summoning {unknown}
Potions
 a - a potion of lignification
 h - 2 potions of brilliance {unknown}
 k - a potion of berserk rage {unknown}
 o - 4 potions of curing {unknown}
 t - 3 potions of enlightenment {unknown}
 z - 2 potions of might {unknown}


   Skills:
 + Level 4.5 Fighting
 + Level 4.1 Dodging
 + Level 5.1 Unarmed Combat
 + Level 3.0 Spellcasting
 + Level 3.3 Conjurations
 + Level 3.8 Invocations
 * Level 6.1 Shapeshifting


You had 12 spell levels left.
You knew the following spells:

 Your Spells              Type           Power      Damage    Failure   Level
a - Magic Dart            Conj           32%        1d4       7%          1

Your spell library contained the following spells:

 Spells                   Type           Power      Damage    Failure   Level
 Searing Ray              Conj           16%        2d5       11%         2
 Momentum Strike          Conj/Tloc      8%         3d8       22%         2
 Necrotise                Necr           4%         1d4       28%         1
 Sting                    Tmut/Pois      4%         1d3       28%         1
 Blink                    Tloc           2%         N/A       38%         2
 Lesser Beckoning         Tloc           2%         N/A       38%         2
 Poisonous Vapours        Pois/Air       2%         N/A       38%         2
 Vampiric Draining        Necr           1%         2d6       63%         3
 Fulminant Prism          Conj/Hex       2%         3d5       80%         4
 Olgreb's Toxic Radiance  Pois           1%         N/A       95%         4
 Agony                    Necr           1%         N/A       100%        5


Dungeon Overview and Level Annotations

Branches:
Dungeon (7/15)             Temple (0/1) D:4

Altars:
Cheibriados
Dithmenos
Gozag
Kikubaaqudgha
Makhleb
Ru
Uskayaw
Vehumet
The Shining One

Shops:
D:1 [   D:6 ((*


Innate Abilities, Weirdness & Mutations

You are a tree.
Your roots penetrate the ground, keeping you stationary.
You cannot be teleported.
You are immune to unholy pain and torment.
Your maximum health is greatly increased.
Your equipment is partially melded.
((You can spit globs of acid.))
((Your golden yellow scales are hard. (AC +6)))
You cannot fit into any form of body armour.
((You are cold-blooded and may be slowed by cold attacks.))
((You are resistant to acid. (rCorr)))


Message History

You turn into a tree.
Your roots penetrate the ground.
Maggie casts a spell at you.
The bolt of fire hits you but does no damage.
Something hits you but does no damage.
You closely miss Maggie.
Maggie is severely wounded.
An orc comes into view. It is wielding a +0 heavy falchion.
Maggie hits you with a +0 broad axe of flaming!
* * * LOW HITPOINT WARNING * * *
Maggie burns you.
* * * LOW HITPOINT WARNING * * *
Something hits you but does no damage.
You barely miss Maggie.
Maggie is severely wounded.
Maggie hits you but does no damage.
The orc shouts!
You hit Maggie.
Maggie is almost dead.
Maggie hits you but does no damage.
The orc priest hits you but does no damage.
The orc shouts!
You smack Maggie!
Maggie is almost dead.
Maggie hits you but does no damage. The orc priest hits you with a +0 whip.
* * * LOW HITPOINT WARNING * * *
The orc warrior hits you but does no damage.
You smack Maggie!
You are no longer entranced.
You kill Maggie!
Makhleb accepts your kill. The orc priest barely misses you.
The orc warrior barely misses you.
Your Dodging skill increases to level 4!
Your Unarmed Combat skill increases to level 5!
Your Spellcasting skill increases to level 3!
Your Shapeshifting skill increases to level 6!
As you read the scroll labelled VICKIZ GUIF, it dissolves into smoke.
It was a scroll of fog.
The orc priest calls down the wrath of Beogh upon you.
Beogh smites you!
You die...

########### #.........#
#.........# #.........#
############# ##.........#
#.....#.....## ###..........#
.....<..>....## #.§..........#
..............###o##.........#
..............§§♣o....########
..............###{§...#
..............# #o....#
..............# #.....#
....^........## #.....#
............## #o....#
..#....###### ##.....#
.....### # ##.....)# #......
..###.......#


You could see an orc warrior, an orc priest and an orc.

Vanquished Creatures
  Maggie (D:7)
  Eustachio (D:6)
  An orc warrior (D:4)
  A black bear (D:6)
  An ice beast (D:6)
  An ogre (D:5)
  A centaur (D:6)
  A kobold brigand (D:5)
  3 scorpions
  3 jellies
  3 hounds
  An orc priest (D:6)
  An iguana (D:5)
  Terence (D:2)
  A sleepcap (D:3)
  3 orc wizards (D:4)
  14 adders
  2 shadow imps
  A white imp (D:6)
  3 ufetubi (D:5)
  2 worms
  3 dart slugs
  19 orcs
  2 endoplasms
  11 giant cockroaches
  5 goblins
  3 hobgoblins
  11 kobolds
  3 quokkas
  7 ball pythons
  8 bats
  2 frilled lizards (D:2)
  4 rats
124 creatures vanquished.

Vanquished Creatures (collateral kills)
  An ufetubus (D:5)
  A dart slug (D:4)
  An orc (D:4)
3 creatures vanquished.

Grand Total: 127 creatures vanquished

Notes
Turn   | Place    | Note
-------+----------+-------------------------------------------
     0 | D:1      | mortress the Draconian Shapeshifter began the quest for the
                  | Orb.
     0 | D:1      | Reached XP level 1. HP: 16/16 MP: 1/1
   215 | D:1      | Reached XP level 2. HP: 18/23 MP: 2/2
   645 | D:1      | Found Nenuv's Antique Armour Boutique.
   734 | D:1      | Found a faded altar of an unknown god.
   741 | D:1      | Prayed at the altar of an unknown god.
   741 | D:1      | Became a worshipper of Makhleb the Destroyer
   741 | D:1      | Reached * piety under Makhleb
   878 | D:2      | Noticed Terence
   889 | D:2      | Killed Terence
   890 | D:2      | Reached XP level 3. HP: 9/29 MP: 3/3
  1272 | D:2      | Reached XP level 4. HP: 36/36 MP: 4/4
  1276 | D:2      | Learned a level 1 spell: Magic Dart
  1382 | D:2      | Reached skill level 1 in Invocations
  1384 | D:2      | Reached ** piety under Makhleb
  1623 | D:3      | Found an opulent altar of Gozag.
  1664 | D:3      | Reached skill level 4 in Shapeshifting
  1664 | D:3      | Reached XP level 5. HP: 27/42 MP: 4/6
  1927 | D:3      | Identified the +0 war axe of Ashenzari's Pride {pain,
                  | Int+3}
  2139 | D:3      | Identified the +2 leather armour of the Mpinguari {Stlth+}
  2272 | D:4      | Reached skill level 1 in Conjurations
  2439 | D:4      | Reached skill level 1 in Spellcasting
  2544 | D:4      | Reached XP level 6. HP: 32/50 MP: 7/7
  2563 | D:4      | Reached *** piety under Makhleb
  2640 | D:4      | Noticed an orc warrior
  2641 | D:4      | Found a staircase to the Ecumenical Temple.
  2667 | D:4      | Killed an orc warrior
  2912 | D:5      | Entered Level 5 of the Dungeon
  3026 | D:5      | Your scales start taking on a golden yellow colour.
  3026 | D:5      | Reached XP level 7. HP: 25/57 MP: 9/9
  3026 | D:5      | Gained mutation: You are resistant to acid. (rCorr) [Yellow
                  | Draconian growth]
  3218 | D:5      | Found a hide-covered altar of Uskayaw.
  3218 | D:5      | Found a radiant altar of Vehumet.
  3234 | D:5      | Found a snail-covered altar of Cheibriados.
  3244 | D:5      | Found an ancient bone altar of Kikubaaqudgha.
  3245 | D:5      | Found a glowing golden altar of the Shining One.
  3255 | D:5      | Found a shadowy altar of Dithmenos.
  3315 | D:5      | Reached skill level 5 in Shapeshifting
  3637 | D:5      | Found a sacrificial altar of Ru.
  4198 | D:6      | Found Xuqast's Weapon Shop.
  4264 | D:6      | Bought 4 poisoned darts for 36 gold pieces
  4311 | D:6      | Noticed Eustachio
  4339 | D:6      | Killed Eustachio
  4340 | D:6      | Reached XP level 8. HP: 45/66 MP: 11/11
  4511 | D:6      | Found Kedydago's Assorted Antiques.
  4694 | D:6      | Found Bynuech's Weapon Boutique.
  4986 | D:7      | Noticed Maggie
  5016 | D:7      | Killed Maggie
  5017 | D:7      | Reached skill level 5 in Unarmed Combat
  5017 | D:7      | Reached skill level 6 in Shapeshifting
  5017 | D:7      | Killed from afar by an orc priest

Illustrated notes

Levels and vault maps discovered:
D:1:      wander_arrival_chamber, layout_basic, serial_shops,
          nicolae_shop_trees, ebering_ecumenical_altar_rust, nrook_uturn,
          corner_web_ring, serial_bayou_crossing
D:2:      minmay_roachtagon, layout_basic, uniq_terence
D:3:      layout_loops_ring, mainiacjoe_overflow_paths, hellmonk_no_cap
D:4:      layout_rooms, minmay_temple_entry_slanted
D:5:      layout_loops_cross, nicolae_ru_the_path_less_chosen,
          nicolae_overflow_hallway_of_the_gods
D:6:      layout_basic, serial_shops, shop, nicolae_shop_pleasant_corner_grove,
          shop_fountains, uniq_eustachio
D:7:      layout_rooms, general_overflow_altar, minmay_misc_feat_roman,
          uniq_maggie

Skill      XL: |  1  2  3  4  5  6  7  8 |
---------------+-------------------------+-----
Dodging        | 2 3 4 |  4.1
Fighting       | 2 3 4 |  4.5
Invocations    | 1 2 3 |  3.8
Shapeshifting  | 4 5 6 |  6.1
Conjurations   | 1 2 3 |  3.3
Spellcasting   | 1 2 3 |  3.0
Unarmed Combat | 4 5 |  5.1

Action                     |  1- 3 |  4- 6 |  7- 9 || total
---------------------------+-------+-------+-------++-------
  Melee: Unarmed           |    93 |   200 |   140 ||   433
         Tailslap          |     8 |    32 |    23 ||    63
         Punch             |     4 |     4 |     5 ||    13
 Invoke: Minor Destruction |       |     2 |       ||     2
         Lesser Servant of |       |     2 |       ||     2
Ability: Breathe Acid      |       |       |     4 ||     4
  Evoke: Wand              |       |     2 |       ||     2
    Use: Scroll            |       |     1 |     1 ||     2
         Potion            |       |       |     1 ||     1
   Stab: Invisible         |       |     1 |       ||     1
 Armour: Skin              |    40 |   162 |   127 ||   329
  Dodge: Dodged            |    75 |   130 |   108 ||   313

Table legend: (Time is in decaauts)
 A = Elapsed time spent in this place.
 B = Non-inter-level travel time spent in this place.
 C = Inter-level travel time spent in this place.
 D = Time resting spent in this place.
 E = Time spent auto-exploring this place.
 F = Levels seen in this place.
 G = Mean time per level.
                   A        B        C        D        E       F      G
               +--------+--------+--------+--------+--------+-----+--------+
         Total |   4996 |   4834 |    162 |    119 |   3749 |   7 |  713.7 |
       Dungeon |   4996 |   4834 |    162 |    119 |   3749 |   7 |  713.7 |
               +--------+--------+--------+--------+--------+-----+--------+

Top non-repeatable levels by time:
     D:5: 1065 daAuts
     D:6: 939 daAuts
     D:1: 808 daAuts
     D:3: 790 daAuts
     D:4: 664 daAuts
     D:2: 640 daAuts
     D:7: 87 daAuts
